 Dungeon Crawl Stone Soup version 0.26-a0-1147-g3780a7a11b (webtiles) character file.

Game seed: 7378070217549121073

98 Aviak the Chiller (level 4, -10/30 HPs)
             Began as a Demonspawn Ice Elementalist on Dec 22, 2020.
             Mangled by a gnoll
             ... wielding a +0 halberd
              (12 damage)
             ... on level 3 of the Dungeon.
             The game lasted 00:02:34 (2971 turns).

Aviak the Chiller (Demonspawn Ice Elementalist)     Turns: 2971, Time: 00:02:35

Health: -10/30     AC:  4    Str:  8    XL:     4   Next: 44%
Magic:  6/9        EV:  6    Int: 18    God:
Gold:   105        SH:  0    Dex: 13    Spells: 2/9 levels left

rFire    . . .     SeeInvis .   b - +1 whip (vamp) {!w}
rCold    . . .     Faith    .   d - +0 buckler
rNeg     . . .     Spirit   .   f - +0 leather armour
rPois    .         Reflect  .   (no helmet)
rElec    .         Harm     .   p - +0 cloak
rCorr    .         Rampage  .   (no gloves)
Will     .....                  (no boots)
Stlth    ++........             (no amulet)
HPRegen  0.10/turn              (no ring)
MPRegen  0.11/turn              (no ring)

@: frozen ramparts, flying, held
A: talons 1, spiny 1
a: no special abilities


You were on level 3 of the Dungeon.
You visited 1 branch of the dungeon, and saw 3 of its levels.

You collected 105 gold pieces.

Inventory:

Hand Weapons
 b - a +1 vampiric whip (weapon) {!w}
 l - a +2 vampiric short sword
Armour
 a - a +0 robe
 d - a +0 buckler (worn)
 f - a +0 leather armour (worn)
 p - a +0 cloak (worn)
Scrolls
 c - 4 scrolls of identify {unknown}
 e - 3 scrolls of remove curse {unknown}
 i - a scroll of fear {unknown}
 m - a scroll of amnesia {unknown}
Potions
 g - a potion of curing {unknown}
 h - a potion of flight
 j - 3 potions of heal wounds {unknown}
 k - 2 potions of mutation {unknown}
 n - a potion of resistance {unknown}
 o - a potion of brilliance {unknown}


   Skills:
 - Level 2.0 Dodging
 - Level 1.7 Stealth
 + Level 3.3 Spellcasting
 + Level 4.5 Ice Magic


You had 2 spell levels left.
You knew the following spells:

 Your Spells              Type           Power        Failure   Level
a - Freeze                Ice            76%          6%          1
b - Frozen Ramparts       Ice            38%          19%         3
c - Ozocubu's Armour      Ice            19%          19%         3

Your spell library contained the following spells:

 Spells                   Type           Power        Failure   Level
 Hailstorm                Conj/Ice       11%          83%         4
 Summon Ice Beast         Ice/Summ       11%          83%         4


Dungeon Overview and Level Annotations

Branches:
Dungeon (3/15)

Altars:
Elyvilon


Innate Abilities, Weirdness & Mutations

You have sharp toenails.
You are partially covered in sharp spines.


Message History

You become entangled in the net!
You see here a throwing net {!f}.
Casting: Frozen Ramparts (quite dangerous; 19% risk of failure)
Confirm with . or Enter, or press ? or * to list all spells.
The spell is quite dangerous to cast (19% risk of failure)!
Continue anyway?
Casting: Frozen Ramparts (quite dangerous; 19% risk of failure)
Press: ? - help, Dir - look around, f - activate The walls around you are covered in ice.
The wall freezes the gnoll. x2; The wall freezes the kobold.
You kill the kobold!
You struggle against the net.
The wall freezes the gnoll. x2
You struggle against the net.
The wall freezes the gnoll.
The gnoll hits you from afar with a +0 halberd!
* * * LOW HITPOINT WARNING * * *
The wall freezes the ooze.
The wall freezes the gnoll. x2
It was a potion of flight.
You feel very buoyant.
You fly up into the air.
The wall freezes the gnoll.
The gnoll hits you from afar with a +0 halberd!
You die... ..........# ......... #....... #...... ## ..... #. ggJ

## #g# # #.# #
#@# #.#
#.###############
#.......#.......#
#######.#.......#
##.#.......#
+..'.......#
####.......##
#............


You could see 3 gnolls and an ooze.

Vanquished Creatures
  2 adders
  An ooze (D:1)
  2 worms (D:2)
  2 dart slugs (D:1)
  4 leopard geckos
  An orc (D:3)
  A ball python (D:1)
  2 giant cockroaches (D:1)
  7 goblins
  2 hobgoblins
  4 jackals (D:1)
  11 kobolds
  10 bats
  6 frilled lizards
  6 rats
61 creatures vanquished.

Notes
Turn   | Place    | Note
-------+----------+-------------------------------------------
     0 | D:1      | Aviak the Demonspawn Ice Elementalist began the quest for
                  | the Orb.
     0 | D:1      | Reached XP level 1. HP: 13/13 MP: 3/3
   232 | D:1      | Gained mutation: You are partially covered in sharp spines.
                  | [demonic ancestry]
   232 | D:1      | Reached XP level 2. HP: 18/19 MP: 5/5
   649 | D:1      | Reached skill level 4 in Ice Magic
   763 | D:1      | Reached XP level 3. HP: 10/24 MP: 3/6
   978 | D:1      | Learned a level 3 spell: Frozen Ramparts
  2001 | D:2      | Gained mutation: You have sharp toenails. [demonic
                  | ancestry]
  2001 | D:2      | Reached XP level 4. HP: 29/30 MP: 4/8
  2005 | D:2      | Learned a level 3 spell: Ozocubu's Armour
  2389 | D:2      | Found a white marble altar of Elyvilon.
  2971 | D:3      | Mangled by a gnoll

Illustrated notes

Levels and vault maps discovered:
D:1:      erik_arrival_orb_chamber, layout_loops_ring, fountainhead
D:2:      layout_loops_corners, elyvilon_altar_1
D:3:      layout_basic, portal_sewer_entry_d

Skill      XL: |  1  2  3 |
---------------+----------+-----
Dodging        | 2 |  2.0
Ice Magic      | 4 |  4.5
Spellcasting   | 3 |  3.3
Stealth        | |  1.7

Action                   |  1- 3 |  4- 6 || total
-------------------------+-------+-------++-------
Melee: Whip              |    85 |    27 ||   112
       Unarmed           |     1 |       ||     1
       Kick              |       |     3 ||     3
 Cast: Freeze            |    23 |     2 ||    25
       Frozen Ramparts   |       |     1 ||     1
  Use: Potion            |       |     1 ||     1
 Stab: Sleeping          |     4 |     1 ||     5
Armor: Robe              |     9 |       ||     9
       Leather armour    |    12 |     5 ||    17
Dodge: Dodged            |    71 |    20 ||    91
Block: Buckler           |     6 |     4 ||    10

Table legend: (Time is in decaauts)
 A = Elapsed time spent in this place.
 B = Non-inter-level travel time spent in this place.
 C = Inter-level travel time spent in this place.
 D = Time resting spent in this place.
 E = Time spent auto-exploring this place.
 F = Levels seen in this place.
 G = Mean time per level.
                   A        B        C        D        E       F      G
               +--------+--------+--------+--------+--------+-----+--------+
         Total |   2985 |   2944 |     41 |     14 |   2477 |   3 |  995.0 |
       Dungeon |   2985 |   2944 |     41 |     14 |   2477 |   3 |  995.0 |
               +--------+--------+--------+--------+--------+-----+--------+

Top non-repeatable levels by time:
     D:1: 1507 daAuts
     D:2: 1137 daAuts
     D:3: 340 daAuts
